NWL (28 & UNDER)
CULVER CITY EXTRAS @ MENLO MANIACS
04/17/2023
 
TOP OF THE 1ST
Culver City Extras batting - Pitching for Menlo Maniacs : RHP Jorge Luna
Pitching: RHP Jorge Luna
Batting: RHB Sergio Pujols 0-0: Ball
1-0: Ball
2-0: Called Strike
2-1: SINGLE (Groundball, 56D)
Batting: RHB Armando Pagán 0-0: Called Strike
0-1: Called Strike
0-2: Ball
1-2: Ball
2-2: Strikes out swinging
Batting: RHB Marvin Workman 0-0: Ball
1-0: Called Strike
1-1: SINGLE (Groundball, 5D)
Sergio Pujols to second
Batting: SHB Cipriano Soto 0-0: Called Strike
0-1: Ball
1-1: SINGLE (Groundball, 5L)
Sergio Pujols to third
Marvin Workman to second
Runner from 3rd tries for Home, SAFE, no throw or cutoff
Batting: RHB António Rodríguez 0-0: Foul Ball, location: 2F
0-1: Called Strike
0-2: Ball
1-2: Ball
Wild Pitch!
Marvin Workman to third
Cipriano Soto to second
2-2: Ball
3-2: Strikes out looking
Batting: RHB Axel Guimont 0-0: SINGLE (Popup, 8RS)
Marvin Workman scores
Cipriano Soto to third
Runner from 3rd tries for Home, SAFE, no throw or cutoff
Batting: RHB Paul Ayers 0-0: Called Strike
0-1: Ground out 1-3 (Groundball, 15)
Top of the 1st over - 3 run(s), 4 hit(s), 0 error(s), 1 left on base; Culver City 3 - Menlo 0
BOTTOM OF THE 1ST
Menlo Maniacs batting - Pitching for Culver City Extras : RHP Javier Toledo
Pitching: RHP Javier Toledo
Batting: LHB Roger Moore 0-0: Ball
1-0: Called Strike
1-1: SINGLE (Line Drive, 8RS)
Batting: LHB Alfonso Montoya 0-0: Ball
1-0: Fly out, F9 (Line Drive, 9M)
Batting: SHB Marvin Harris 0-0: Ball
1-0: Called Strike
1-1: Foul Ball, location: 2F
1-2: Ball
2-2: Foul Ball, location: 2F
2-2: Strikes out looking
Batting: RHB Daryl Floyd 0-0: Ball
1-0: TRIPLE (Flyball, 89D)
Roger Moore scores
Batting: LHB Vincente Sáenz 0-0: Swinging Strike
0-1: 2-RUN HOME RUN (Flyball, 9D), Distance : 397 ft
Batting: RHB Tom Meyer 0-0: Ball
1-0: Ball
2-0: Fly out, F3 (Popup, 3L)
Bottom of the 1st over - 3 run(s), 3 hit(s), 0 error(s), 0 left on base; Culver City 3 - Menlo 3
TOP OF THE 2ND
Culver City Extras batting - Pitching for Menlo Maniacs : RHP Jorge Luna
Batting: RHB José Toro 0-0: SINGLE (Line Drive, 56)
Batting: RHB Roberto Gonzáles 0-0: Called Strike
0-1: Swinging Strike
0-2: Ball
1-2: Foul Ball, location: 2F
1-2: Ball
2-2: Fielders Choice at 2nd, 1-6 (Groundball, 15S)
Batting: RHB Sergio Pujols 0-0: Called Strike
Roberto Gonzáles steals 2nd base
0-1: Foul Ball, location: 2F
0-2: Ball
1-2: SINGLE (Flyball, 9LS)
Roberto Gonzáles to third
Batting: RHB Armando Pagán 0-0: Ball
1-0: Ball
2-0: Called Strike
2-1: Called Strike
2-2: Ball
3-2: Fly out, F4 (Popup, 4MD)
Batting: RHB Marvin Workman 0-0: Foul Ball, location: 2F
0-1: Ball
1-1: DOUBLE (Flyball, 78M)
Roberto Gonzáles scores
Sergio Pujols to third
Batting: SHB Cipriano Soto 0-0: Called Strike
0-1: Ball
1-1: Foul Ball, location: 2F
1-2: Strikes out swinging
Top of the 2nd over - 1 run(s), 3 hit(s), 0 error(s), 2 left on base; Culver City 4 - Menlo 3
BOTTOM OF THE 2ND
Menlo Maniacs batting - Pitching for Culver City Extras : RHP Javier Toledo
Batting: LHB Héctor Flores 0-0: Ball
1-0: SINGLE (Groundball, 34D) (infield hit)
Batting: RHB Jesús Cuevas 0-0: Ball
1-0: Fly out, F9 (Flyball, 89M)
Batting: SHB António Trinidad 0-0: Ball
1-0: Ball
2-0: Called Strike
2-1: Ball
Wild Pitch!
Héctor Flores to second
3-1: SINGLE (Line Drive, 34)
Héctor Flores to third
Batting: LHB Roger Moore 0-0: Ball
1-0: Grounds into double play, 4-6-3 (Groundball, 34)
Bottom of the 2nd over - 0 run(s), 2 hit(s), 0 error(s), 1 left on base; Culver City 4 - Menlo 3
TOP OF THE 3RD
Culver City Extras batting - Pitching for Menlo Maniacs : RHP Jorge Luna
Batting: RHB António Rodríguez 0-0: Ball
1-0: SINGLE (Line Drive, 56)
Batting: RHB Axel Guimont 0-0: Ball
1-0: Called Strike
1-1: SINGLE (Groundball, 6MD)
António Rodríguez to second
Batting: RHB Paul Ayers 0-0: SINGLE (Line Drive, 6MD)
António Rodríguez to third
Axel Guimont to second
Batting: RHB José Toro 0-0: Fly out, F3 (Popup, 3SF)
Batting: RHB Roberto Gonzáles 0-0: Ball
1-0: Swinging Strike
1-1: Ball
2-1: Foul Ball, location: 2F
2-2: Foul Ball, location: 2F
2-2: Foul Ball, location: 2F
2-2: Foul Ball, location: 2F
2-2: Ball
3-2: Strikes out swinging
Batting: RHB Sergio Pujols 0-0: Ball
1-0: Called Strike
1-1: Swinging Strike
1-2: Foul Ball, location: 2F
1-2: Ball
2-2: Strikes out looking
Top of the 3rd over - 0 run(s), 3 hit(s), 0 error(s), 3 left on base; Culver City 4 - Menlo 3
BOTTOM OF THE 3RD
Menlo Maniacs batting - Pitching for Culver City Extras : RHP Javier Toledo
Batting: LHB Alfonso Montoya 0-0: Ball
1-0: Called Strike
1-1: Ball
2-1: Ground out 5-3 (Groundball, 56)
Batting: SHB Marvin Harris 0-0: Ball
1-0: DOUBLE (Line Drive, 3D) - OUT at third base trying to stretch hit.
Batting: RHB Daryl Floyd 0-0: Ball
1-0: Called Strike
1-1: Called Strike
1-2: Ball
2-2: Strikes out swinging
Bottom of the 3rd over - 0 run(s), 1 hit(s), 0 error(s), 0 left on base; Culver City 4 - Menlo 3
TOP OF THE 4TH
Culver City Extras batting - Pitching for Menlo Maniacs : RHP Jorge Luna
Batting: RHB Armando Pagán 0-0: Ball
1-0: Ground out 4-3 (Groundball, 4)
Batting: RHB Marvin Workman 0-0: Ball
1-0: Swinging Strike
1-1: Ground out 5-3 (Groundball, 6S)
Batting: SHB Cipriano Soto 0-0: Called Strike
0-1: Swinging Strike
0-2: Ball
1-2: SOLO HOME RUN (Flyball, 8RXD), Distance : 439 ft
Batting: RHB António Rodríguez 0-0: Called Strike
0-1: SINGLE (Line Drive, 3D)
Batting: RHB Axel Guimont 0-0: Called Strike
0-1: Called Strike
0-2: Foul Ball, location: 2F
0-2: Ball
1-2: Ball
2-2: Foul Ball, location: 2F
2-2: Foul Ball, location: 2F
2-2: Ball
3-2: DOUBLE (Line Drive, 7LM)
António Rodríguez to third
António Rodríguez scores
Pitching: RHP Willie McMillan
Batting: RHB Paul Ayers 0-0: SINGLE (Groundball, 56D)
Axel Guimont to third
Runner from 3rd tries for Home, SAFE, no throw or cutoff
Batting: RHB José Toro 0-0: Called Strike
0-1: Fly out, F8 (Flyball, 8LS)
Top of the 4th over - 3 run(s), 4 hit(s), 0 error(s), 1 left on base; Culver City 7 - Menlo 3
BOTTOM OF THE 4TH
Menlo Maniacs batting - Pitching for Culver City Extras : RHP Javier Toledo
Batting: LHB Vincente Sáenz 0-0: Foul Ball, location: 2F
0-1: TRIPLE (Line Drive, 4MD)
Batting: RHB Tom Meyer 0-0: Ball
1-0: Foul Ball, location: 2F
1-1: Ball
2-1: Ball
3-1: Foul Ball, location: 2F
3-2: SINGLE (Groundball, 56D)
Vincente Sáenz scores
Batting: LHB Héctor Flores 0-0: Ball
1-0: Ball
2-0: Called Strike
2-1: Foul Ball, location: 2F
2-2: Strikes out swinging
Batting: RHB Jesús Cuevas 0-0: Ball
1-0: Ball
2-0: Fielders Choice at 2nd, 6-4 (Groundball, 56D)
Batting: SHB António Trinidad 0-0: Called Strike
0-1: Ball
1-1: Fly out, F2 (Popup, 25)
Bottom of the 4th over - 1 run(s), 2 hit(s), 0 error(s), 1 left on base; Culver City 7 - Menlo 4
TOP OF THE 5TH
Culver City Extras batting - Pitching for Menlo Maniacs : RHP Willie McMillan
Batting: RHB Roberto Gonzáles 0-0: Ball
1-0: Called Strike
1-1: Swinging Strike
1-2: Strikes out swinging
Batting: RHB Sergio Pujols 0-0: Swinging Strike
0-1: Ball
1-1: Ball
2-1: Fly out, F9 (Flyball, 9S)
Batting: RHB Armando Pagán 0-0: Ball
1-0: Ball
2-0: Foul Ball, location: 2F
2-1: Ball
3-1: Base on Balls
Batting: RHB Marvin Workman 0-0: Ball
1-0: Ball
Armando Pagán is caught stealing 2nd base
Top of the 5th over - 0 run(s), 0 hit(s), 0 error(s), 0 left on base; Culver City 7 - Menlo 4
BOTTOM OF THE 5TH
Menlo Maniacs batting - Pitching for Culver City Extras : RHP Javier Toledo
Batting: LHB Roger Moore 0-0: Ball
1-0: Fly out, F8 (Flyball, 8LM)
Batting: LHB Alfonso Montoya 0-0: Ball
1-0: Ground out 4-3 (Groundball, 4)
Batting: SHB Marvin Harris 0-0: Swinging Strike
0-1: Called Strike
0-2: Ball
1-2: Ball
2-2: Ball
3-2: Foul Ball, location: 2F
3-2: Strikes out swinging
Bottom of the 5th over - 0 run(s), 0 hit(s), 0 error(s), 0 left on base; Culver City 7 - Menlo 4
TOP OF THE 6TH
Culver City Extras batting - Pitching for Menlo Maniacs : RHP Willie McMillan
Batting: RHB Marvin Workman 0-0: Called Strike
0-1: Foul Ball, location: 2F
0-2: Ball
1-2: Strikes out swinging
Batting: SHB Cipriano Soto 0-0: Ball
1-0: Ball
2-0: Ball
3-0: Base on Balls
Batting: RHB António Rodríguez 0-0: Ball
1-0: Ball
Passed Ball!
Cipriano Soto to second
2-0: Called Strike
2-1: Foul Ball, location: 2F
2-2: Strikes out swinging
Batting: RHB Axel Guimont 0-0: Ball
1-0: Called Strike
1-1: Fly out, F4 (Line Drive, 4M)
Top of the 6th over - 0 run(s), 0 hit(s), 0 error(s), 1 left on base; Culver City 7 - Menlo 4
BOTTOM OF THE 6TH
Menlo Maniacs batting - Pitching for Culver City Extras : RHP Javier Toledo
Batting: RHB Daryl Floyd 0-0: Called Strike
0-1: Ball
1-1: Called Strike
1-2: Ground out 4-3 (Groundball, 4S)
Batting: LHB Vincente Sáenz 0-0: Ball
1-0: Ball
2-0: Foul Ball, location: 2F
2-1: Ball
3-1: Base on Balls
Batting: RHB Tom Meyer 0-0: Ball
1-0: Ball
2-0: Ball
3-0: Base on Balls
Vincente Sáenz to second
Batting: LHB Héctor Flores 0-0: Called Strike
0-1: Ball
1-1: Ball
2-1: Ball
3-1: Base on Balls
Vincente Sáenz to third
Tom Meyer to second
Batting: RHB Jesús Cuevas 0-0: Ball
1-0: DOUBLE (Line Drive, 8LM)
Vincente Sáenz scores
Tom Meyer scores
Héctor Flores to third
Batting: SHB António Trinidad 0-0: Swinging Strike
0-1: Ball
1-1: Foul Ball, location: 2F
1-2: Strikes out swinging
Batting: LHB Roger Moore 0-0: Ball
1-0: Called Strike
1-1: Ball
2-1: SINGLE (Groundball, 34D)
Héctor Flores scores
Jesús Cuevas to third
Runner from 3rd tries for Home, SAFE, no throw or cutoff
Pitching: RHP Dale Downs
Batting: LHB Alfonso Montoya 0-0: Ball
1-0: DOUBLE (Line Drive, 89M)
Roger Moore to third
Runner from 3rd tries for Home, SAFE, no throw or cutoff
Batting: SHB Marvin Harris 0-0: DOUBLE (Groundball, 3D)
Alfonso Montoya scores
Batting: RHB Daryl Floyd 0-0: Foul Ball, location: 2F
0-1: Swinging Strike
0-2: Ball
1-2: Ball
2-2: Strikes out looking
Bottom of the 6th over - 6 run(s), 4 hit(s), 0 error(s), 1 left on base; Culver City 7 - Menlo 10
TOP OF THE 7TH
Culver City Extras batting - Pitching for Menlo Maniacs : RHP Willie McMillan
Pitching: RHP Lúcio Solano
Batting: RHB Paul Ayers 0-0: Ball
1-0: Swinging Strike
1-1: SINGLE (Line Drive, 8RS)
Batting: RHB José Toro 0-0: Ball
1-0: Called Strike
1-1: Ball
2-1: Ball
3-1: Swinging Strike
3-2: Fly out, F4 (Popup, 34D)
Batting: RHB Roberto Gonzáles 0-0: Ball
1-0: Called Strike
1-1: Ball
2-1: Ball
3-1: Grounds into double play, 6-4-3 (Groundball, 6)
Top of the 7th over - 0 run(s), 1 hit(s), 0 error(s), 0 left on base; Culver City 7 - Menlo 10
BOTTOM OF THE 7TH
Menlo Maniacs batting - Pitching for Culver City Extras : RHP Dale Downs
Batting: LHB Vincente Sáenz 0-0: Ball
1-0: Called Strike
1-1: Called Strike
1-2: Foul Ball, location: 2F
1-2: Foul Ball, location: 2F
1-2: Strikes out swinging
Batting: RHB Tom Meyer 0-0: Foul Ball, location: 2F
0-1: Ball
1-1: Foul Ball, location: 2F
1-2: Foul Ball, location: 2F
1-2: Ball
2-2: Foul Ball, location: 2F
2-2: Strikes out swinging
Batting: LHB Héctor Flores 0-0: Ball
1-0: Ball
2-0: Ball
3-0: Called Strike
3-1: SINGLE (Groundball, 34S)
Batting: RHB Jesús Cuevas 0-0: Ball
1-0: Ball
2-0: Ground out 4-3 (Groundball, 4)
Bottom of the 7th over - 0 run(s), 1 hit(s), 0 error(s), 1 left on base; Culver City 7 - Menlo 10
TOP OF THE 8TH
Culver City Extras batting - Pitching for Menlo Maniacs : RHP Lúcio Solano
Batting: RHB Sergio Pujols 0-0: Called Strike
0-1: Ball
1-1: Ball
2-1: Ball
3-1: Foul Ball, location: 2F
3-2: Foul Ball, location: 2F
3-2: Foul Ball, location: 2F
3-2: Base on Balls
Pitching: RHP William Simpson
Batting: RHB Armando Pagán 0-0: SINGLE (Groundball, 56D)
Sergio Pujols to second
Batting: RHB Marvin Workman 0-0: Ball
1-0: Ball
2-0: Ball
3-0: Base on Balls
Sergio Pujols to third
Armando Pagán to second
Pitching: LHP José Acosta
Pinch Hitting: RHB Mario López 0-0: Called Strike
0-1: Fly out, F9 (Flyball, 89M)
Runner from 3rd tags up, SCORES, throw made
Pitching: RHP Manny Márquez
Batting: RHB António Rodríguez 0-0: Called Strike
0-1: Ball
1-1: Ball
2-1: Called Strike
2-2: Ground out U3 (Groundball, 3S)
Armando Pagán to third
Marvin Workman to second
Pinch Hitting: LHB Stan Bates 0-0: Foul Ball, location: 2F
0-1: Ball
1-1: Ball
2-1: Fly out, F9 (Flyball, 9D)
Top of the 8th over - 1 run(s), 1 hit(s), 0 error(s), 2 left on base; Culver City 8 - Menlo 10
BOTTOM OF THE 8TH
Menlo Maniacs batting - Pitching for Culver City Extras : RHP Dale Downs
Now in LF: Tanyu Imai
Now in RF: Ronaldo Gois
Batting: SHB António Trinidad 0-0: Foul Ball, location: 2F
0-1: Ground out 3-1 (Groundball, 34S)
Batting: LHB Roger Moore 0-0: Called Strike
0-1: Foul Ball, location: 2F
0-2: Strikes out swinging
Batting: LHB Alfonso Montoya 0-0: Ball
1-0: Ground out 4-3 (Groundball, 4)
Bottom of the 8th over - 0 run(s), 0 hit(s), 0 error(s), 0 left on base; Culver City 8 - Menlo 10
TOP OF THE 9TH
Culver City Extras batting - Pitching for Menlo Maniacs : RHP Manny Márquez
Pitching: RHP Dan Wilson
Now at SS: Carlos Gonzáles
Batting: RHB Paul Ayers 0-0: Ball
1-0: Called Strike
1-1: Fly out, F7 (Flyball, 78M)
Batting: RHB José Toro 0-0: Called Strike
0-1: Ball
1-1: Swinging Strike
1-2: Strikes out swinging
Batting: RHB Roberto Gonzáles 0-0: Ball
1-0: Ball
2-0: Ground out 6-3 (Groundball, 56)
Top of the 9th over - 0 run(s), 0 hit(s), 0 error(s), 0 left on base; Culver City 8 - Menlo 10
This league is powered by Out of the Park Baseball, the baseball management simulation game for PC, Mac and Linux
Wednesday, December 2nd, 2015 - OOTP Baseball 16.8 Build 38